 Dungeon Crawl Stone Soup version 0.21.0-22-g11d5b52 (webtiles) character file.

1738 Mgcat the Conjurer (level 9, -4/65 HPs)
             Began as a Gnoll Conjurer on Jan 18, 2018.
             Slain by a sky beast (5 damage)
             ... on level 6 of the Dungeon.
             The game lasted 00:23:39 (8148 turns).

Mgcat the Conjurer (Gnoll Conjurer)                 Turns: 8148, Time: 00:23:39

Health: -4/65      AC:  3    Str: 12    XL:     9   Next: 5%
Magic:  5/18       EV: 16    Int: 20    God:
Gold:   223        SH:  0    Dex: 15    Spells: 13/20 levels left

rFire    . . .     SeeInvis .   A - -1 spear (curse)
rCold    + . .     Gourm    .   (no shield)
rNeg     . . .     Faith    .   x - +1 robe {rC+}
rPois    .         Spirit   .   (no helmet)
rElec    .         Reflect  .   (no cloak)
rCorr    .         Harm     .   (no gloves)
MR       .....     Rnd*Tele +   (no boots)
Stlth    ++........             (no amulet)
HPRegen  0.20/turn              H - ring of teleportation (curse)
MPRegen  0.16/turn              D - ring of loudness (curse)

@: no status effects
A: distributed training, fangs 1, strong nose
a: no special abilities


You were on level 6 of the Dungeon.
You were hungry.

You visited 1 branch of the dungeon, and saw 6 of its levels.
You also visited: Sewer.

You collected 223 gold pieces.

Inventory:

Hand Weapons
 i - a +1 whip
 l - a +0 club
 t - a +0 whip
 y - a -1 morningstar
 A - a cursed -1 spear (weapon)
Missiles
 r - 5 needles of frenzy
Armour
 a - a +0 robe
 j - a +1 leather armour of magic resistance
 p - a +0 troll leather armour {Purgy}
 x - a +1 robe of cold resistance (worn)
Jewellery
 d - an uncursed ring of protection from magic
 D - a cursed ring of loudness (right hand)
 H - a cursed ring of teleportation (left hand)
Wands
 w - a wand of polymorph (11)
 G - a wand of paralysis (15)
Scrolls
 e - 4 scrolls of fear
 m - a scroll of teleportation
 n - 2 scrolls of blinking
 q - a scroll of magic mapping
 C - a scroll of fog
 E - 3 scrolls of identify
Potions
 f - a potion of cancellation
 g - 2 potions of heal wounds
 k - a potion of mutation
 o - a potion of ambrosia
 s - 2 potions of might {unknown}
 u - 3 potions of curing
 v - 2 potions of agility {unknown}
 z - 3 potions of flight {unknown}
 B - a potion of magic {unknown}
Books
 b - a book of Conjurations

   Spells                             Type                      Level
   a - Magic Dart                     Conjuration                  1
   b - Searing Ray                    Conjuration                  2
   c - Dazzling Spray                 Conjuration/Hexes            3
   d - Fulminant Prism                Conjuration/Hexes            4
   e - Force Lance                    Conjuration/Translocation    4
   f - Iskenderun's Mystic Blast      Conjuration                  4
Comestibles
 c - 9 rations


   Skills:
 + Level 3.7 Fighting
 + Level 3.7 Short Blades
 + Level 3.7 Long Blades
 + Level 3.7 Axes
 + Level 3.7 Maces & Flails
 + Level 3.7 Polearms
 + Level 3.7 Staves
 + Level 3.7 Slings
 + Level 3.7 Bows
 + Level 3.7 Crossbows
 + Level 3.7 Throwing
 + Level 3.7 Armour
 + Level 6.0 Dodging
 + Level 5.7 Stealth
 + Level 3.7 Shields
 + Level 3.7 Unarmed Combat
 + Level 6.3 Spellcasting
 + Level 7.8 Conjurations
 + Level 3.1 Hexes
 + Level 3.1 Charms
 + Level 3.1 Summonings
 + Level 3.1 Necromancy
 + Level 3.1 Translocations
 + Level 3.1 Transmutations
 + Level 3.1 Fire Magic
 + Level 3.1 Ice Magic
 + Level 3.1 Air Magic
 + Level 3.1 Earth Magic
 + Level 3.1 Poison Magic
 + Level 4.1 Invocations
 + Level 3.7 Evocations


You had 13 spell levels left.
You knew the following spells:

 Your Spells              Type           Power        Failure   Level  Hunger
a - Magic Dart            Conj           ####         1%          1    None
b - Searing Ray           Conj           #####.       1%          2    None
c - Iskenderun's Mystic   Conj           #####...     4%          4    ####...


Dungeon Overview and Level Annotations

Branches:
Dungeon (6/15)
 Temple: D:4-7

Altars:
Cheibriados
Dithmenos
Nemelex Xobeh
Ru
Sif Muna
Uskayaw

Annotations:
D:3 2 transporters


Innate Abilities, Weirdness & Mutations

Your experience applies equally to all skills.
You have very sharp teeth.
Your uncanny sense of smell can sniff out nearby items.


Message History

Something shocks you.
* * * LOW HITPOINT WARNING * * *
Unknown command.
A sky beast appears from thin air!
Reactivating autopickup.
The sky beast flickers out of sight!
Deactivating autopickup; reactivate with Ctrl-A.
Something hits you but does no damage.
A sky beast appears from thin air!
Reactivating autopickup.
Found a ring mail.
The sky beast misses you.
Found 19 arrows.
Found a potion of heal wounds.
You see here a ring mail.
The sky beast barely misses you. The sky beast hits you.
* * * LOW HITPOINT WARNING * * *
The sky beast shocks you.
You die...

#..............#
#.....>........#
#..............#∆
#..............#
#..............#
#..............#
#..............#
#..........Y...#
####+##...@....#
##########


You could see a sky beast.

Vanquished Creatures
  Grinder (D:5)
  Sigmund (D:3)
  The ghost of Tiamon the Chiller, an amateur DEIE of Sif Muna (D:5)
  Purgy (Sewer)
  2 ice beasts (D:5)
  A sky beast (D:5)
  A phantom (D:4)
  A bullfrog (D:6)
  A scorpion (D:4)
  A howler monkey (D:4)
  2 crimson imps (D:5)
  An orc priest (D:3)
  5 orc wizards
  A bullfrog skeleton (D:4)
  An iguana (D:5)
  4 worker ants
  A worker ant zombie (D:5)
  8 gnolls (D:3)
  3 adders (D:3)
  A shadow imp (D:5)
  An ooze (D:3)
  3 worms
  4 dart slugs
  3 leopard geckos
  10 orcs
  2 bats (D:2)
  A giant cockroach (D:2)
  5 goblins
  4 hobgoblins
  14 jackals
  6 kobolds
  4 quokkas
  6 ball pythons
  9 frilled lizards
  A leopard gecko skeleton (D:5)
  6 rats
117 creatures vanquished.

Notes
Turn   | Place    | Note
-------+----------+-------------------------------------------
     0 | D:1      | Mgcat the Gnoll Conjurer began the quest for the Orb.
     0 | D:1      | Reached XP level 1. HP: 13/13 MP: 6/6
   179 | D:1      | Reached XP level 2. HP: 19/19 MP: 4/7
   832 | D:1      | Reached XP level 3. HP: 18/25 MP: 0/9
  1274 | D:2      | Reached skill level 5 in Spellcasting
  1791 | D:2      | Found a sacrificial altar of Ru.
  1947 | D:2      | Found a shadowy altar of Dithmenos.
  2415 | D:3      | Reached skill level 1 in Invocations
  2420 | D:3      | Reached skill level 1 in Fighting
  2420 | D:3      | Reached skill level 1 in Short Blades
  2420 | D:3      | Reached skill level 1 in Long Blades
  2420 | D:3      | Reached skill level 1 in Axes
  2420 | D:3      | Reached skill level 1 in Maces & Flails
  2420 | D:3      | Reached skill level 1 in Polearms
  2420 | D:3      | Reached skill level 1 in Staves
  2420 | D:3      | Reached skill level 1 in Slings
  2420 | D:3      | Reached skill level 1 in Bows
  2420 | D:3      | Reached skill level 1 in Crossbows
  2420 | D:3      | Reached skill level 1 in Throwing
  2420 | D:3      | Reached skill level 1 in Armour
  2420 | D:3      | Reached skill level 1 in Shields
  2420 | D:3      | Reached skill level 1 in Unarmed Combat
  2420 | D:3      | Reached skill level 1 in Evocations
  2431 | D:3      | Reached XP level 4. HP: 16/32 MP: 0/11
  2676 | D:3      | Found a transporter.
  2678 | D:3      | Found a transporter.
  2679 | D:3      | Noticed a bullfrog
  2679 | D:3      | Noticed a water moccasin
  2685 | D:3      | Found a snail-covered altar of Cheibriados.
  2794 | D:3      | Learned a level 2 spell: Searing Ray
  2814 | D:3      | Reached skill level 1 in Hexes
  2814 | D:3      | Reached skill level 1 in Charms
  2814 | D:3      | Reached skill level 1 in Summonings
  2814 | D:3      | Reached skill level 1 in Necromancy
  2814 | D:3      | Reached skill level 1 in Translocations
  2814 | D:3      | Reached skill level 1 in Transmutations
  2814 | D:3      | Reached skill level 1 in Fire Magic
  2814 | D:3      | Reached skill level 1 in Ice Magic
  2814 | D:3      | Reached skill level 1 in Air Magic
  2814 | D:3      | Reached skill level 1 in Earth Magic
  2814 | D:3      | Reached skill level 1 in Poison Magic
  2814 | D:3      | Reached XP level 5. HP: 37/37 MP: 0/12
  3141 | D:3      | Found a hide-covered altar of Uskayaw.
  3141 | D:3      | Found a sparkling altar of Nemelex Xobeh.
  3869 | D:3      | Noticed Sigmund
  3907 | D:3      | Killed Sigmund
  3907 | D:3      | Reached skill level 5 in Dodging
  3907 | D:3      | Reached XP level 6. HP: 19/44 MP: 2/14
  4911 | D:4      | Found a glowing drain.
  4924 | Sewer    | Entered a sewer
  5026 | Sewer    | Noticed Purgy
  5036 | Sewer    | Killed Purgy
  5036 | Sewer    | Reached XP level 7. HP: 11/50 MP: 6/15
  5682 | D:4      | Learned a level 4 spell: Iskenderun's Mystic Blast
  6064 | D:4      | Reached skill level 5 in Stealth
  6301 | D:5      | Entered Level 5 of the Dungeon
  6358 | D:5      | Reached XP level 8. HP: 48/57 MP: 0/16
  6496 | D:5      | Found a deep blue altar of Sif Muna.
  6765 | D:5      | Noticed Tiamon's ghost (amateur DEIE)
  6802 | D:5      | Noticed Grinder
  6899 | D:5      | Killed Tiamon's ghost
  7112 | D:5      | Killed Grinder
  7813 | D:5      | Reached XP level 9. HP: 65/65 MP: 14/18
  8056 | D:6      | Noticed a two-headed ogre
  8120 | D:6      | HP: 1/65 [something (5)]
  8148 | D:6      | HP: 1/65 [sky beast (5)]
  8148 | D:6      | Slain by a sky beast

Skill      XL: |  1  2  3  4  5  6  7  8  9 |
---------------+----------------------------+-----
Spellcasting   | 5 6 |  6.3
Invocations    | 1 2 3 4 |  4.1
Fighting       | 1 2 3 |  3.7
Short Blades   | 1 2 3 |  3.7
Long Blades    | 1 2 3 |  3.7
Axes           | 1 2 3 |  3.7
Maces & Flails | 1 2 3 |  3.7
Polearms       | 1 2 3 |  3.7
Staves         | 1 2 3 |  3.7
Slings         | 1 2 3 |  3.7
Bows           | 1 2 3 |  3.7
Crossbows      | 1 2 3 |  3.7
Throwing       | 1 2 3 |  3.7
Armour         | 1 2 3 |  3.7
Shields        | 1 2 3 |  3.7
Unarmed Combat | 1 2 3 |  3.7
Evocations     | 1 2 3 |  3.7
Hexes          | 1 2 3 |  3.1
Charms         | 1 2 3 |  3.1
Summonings     | 1 2 3 |  3.1
Necromancy     | 1 2 3 |  3.1
Translocations | 1 2 3 |  3.1
Transmutations | 1 2 3 |  3.1
Fire Magic     | 1 2 3 |  3.1
Ice Magic      | 1 2 3 |  3.1
Air Magic      | 1 2 3 |  3.1
Earth Magic    | 1 2 3 |  3.1
Poison Magic   | 1 2 3 |  3.1
Dodging        | 5 6 |  6.0
Stealth        | 5 |  5.7
Conjurations   | |  7.8

Action                   |  1- 3 |  4- 6 |  7- 9 || total
-------------------------+-------+-------+-------++-------
Melee: Club              |    17 |       |       ||    17
       Unarmed           |     7 |    12 |       ||    19
       Bite              |     8 |     2 |     6 ||    16
       Whip              |    30 |    13 |       ||    43
       Punch             |     1 |       |     1 ||     2
       Spear             |       |     9 |    66 ||    75
       Morningstar       |       |     3 |       ||     3
 Cast: Magic Dart        |    47 |    85 |   102 ||   234
       Searing Ray       |       |     9 |    16 ||    25
       Iskenderun's Myst |       |       |    17 ||    17
  Use: Scroll            |       |     8 |     8 ||    16
       Potion            |       |       |     1 ||     1
 Stab: Sleeping          |     1 |     1 |       ||     2
  Eat: Chunk             |     1 |     8 |     8 ||    17
       Ration            |     1 |       |     1 ||     2
Armor: Robe              |    11 |     5 |    13 ||    29
       Skin              |       |     7 |       ||     7
       Troll leather arm |       |       |     3 ||     3
Dodge: Dodged            |    58 |    36 |    67 ||   161
